 Dungeon Crawl Stone Soup version 0.25.1-2-g60ff931df9 (webtiles) character file.

Game seed: 12434715067941986751

18 Descartes the Insei (level 2, -1/14 HPs)
             Began as a Vine Stalker Transmuter on Aug 8, 2020.
             Slain by a worm (4 damage)
             ... on level 2 of the Dungeon.
             The game lasted 00:03:13 (1074 turns).

Descartes the Insei (Vine Stalker Transmuter)       Turns: 1074, Time: 00:03:14

Health: -1/14      AC:  5    Str: 12    XL:     2   Next: 66%
Magic:  0/6        EV: 11    Int: 13    God:
Gold:   46         SH:  0    Dex: 14    Spells: 2/5 levels left

rFire    . . .     SeeInvis .     - Unarmed
rCold    . . .     Gourm    .   (no shield)
rNeg     . . .     Faith    .   g - +0 ring mail
rPois    .         Spirit   +   (no helmet)
rElec    .         Reflect  .   (no cloak)
rCorr    .         Harm     .   (no gloves)
MR       .....                  (no boots)
Stlth    +.........             e - amulet of magic regeneration
HPRegen  0.04/turn              (no ring)
MPRegen  0.35/turn              (no ring)

@: no status effects
A: fangs 2, magic shield, antimagic bite, no potion heal 3, rot immunity
a: no special abilities


You were on level 2 of the Dungeon.
You were not hungry.

You visited 1 branch of the dungeon, and saw 2 of its levels.

You collected 46 gold pieces.

Inventory:

Hand Weapons
 f - a +0 dagger
Missiles
 a - 38 arrows
 k - 33 stones (quivered)
Armour
 b - a +0 robe
 g - a +0 ring mail (worn)
 h - a scarf of harm
Jewellery
 e - an amulet of magic regeneration (around neck)
Scrolls
 c - 3 scrolls of remove curse {unknown}
 j - a scroll of teleportation {unknown}
Comestibles
 d - 2 rations
 i - 2 chunks of flesh


   Skills:
 + Level 1.2 Fighting
 + Level 0.2 Armour
 + Level 1.7 Dodging
 + Level 0.7 Stealth
 + Level 3.1 Unarmed Combat
 + Level 2.4 Spellcasting
 + Level 2.1 Transmutations


You had 2 spell levels left.
You knew the following spells:

 Your Spells              Type           Power        Failure   Level  Hunger
a - Beastly Appendage     Tmut           #.....       22%         1    #......
b - Sticks to Snakes      Tmut           #.......     34%         2    ###....

Your spell library contained the following spells:

 Spells                   Type           Power        Failure   Level  Hunger
 Spider Form              Tmut/Pois      #.........   71%         3    ###....
 Ice Form                 Ice/Tmut       #.......     98%         4    #####..
 Blade Hands              Tmut           #.........   99%         5    ######.


Dungeon Overview and Level Annotations

Branches:
Dungeon (2/15)

Altars:


Innate Abilities, Weirdness & Mutations

You have extremely sharp teeth.
When hurt, damage is shared between your health and your magic reserves.
Your bite disrupts and absorbs the magic of your enemies.
Potions cannot restore your health.
You are immune to rotting.


Message History

A worm comes into view.
You hit the worm. You bite the worm. You drain its power.
The worm is moderately wounded.
The worm bites you!
You hit the worm but do no damage.
The worm is moderately wounded.
You hit the worm but do no damage. You bite the worm. You drain its power.
You feel invigorated.
The worm is heavily wounded.
The worm bites you.
You hit the worm. You bite the worm, but do no damage.
The worm is severely wounded.
You hit the worm. Your bite misses the worm.
The worm is severely wounded.
The worm bites you!
* * * LOW HITPOINT WARNING * * *
You barely miss the worm.
The worm is severely wounded.
The worm bites you.
You die...

###.## #..#
#..... ...
#...[#..#
#....#..#
#.......#
#......###.
#<.......
#.#######
#..@..#
.........w......
.......$...####.
....########
.... ... ..


You could see a worm.

Vanquished Creatures
  A dart slug (D:1)
  A leopard gecko (D:1)
  3 goblins (D:1)
  4 hobgoblins (D:1)
  3 kobolds (D:1)
  2 rats (D:1)
14 creatures vanquished.

Notes
Turn   | Place    | Note
-------+----------+-------------------------------------------
     0 | D:1      | Descartes the Vine Stalker Transmuter began the quest for
                  | the Orb.
     0 | D:1      | Reached XP level 1. HP: 9/9 MP: 4/4
   277 | D:1      | Reached skill level 1 in Fighting
   294 | D:1      | Reached XP level 2. HP: 14/14 MP: 6/6
   299 | D:1      | Learned a level 2 spell: Sticks to Snakes
  1074 | D:2      | Slain by a worm

Illustrated notes

Levels and vault maps discovered:
D:1:      lightli_arrival_quake, layout_loops_ring
D:2:      layout_basic, first_ration, kennysheep_flooded_box,
          chequers_serial_rivers_room_a

Skill      XL: |  1 |
---------------+----+-----
Fighting       | 1 |  1.2
Armour         | |  0.2
Dodging        | |  1.7
Stealth        | |  0.7
Unarmed Combat | |  3.1
Spellcasting   | |  2.4
Transmutations | |  2.1

Action                   || total
-------------------------++-------
Melee: Unarmed           ||    45
       Bite              ||    10
Armor: Ring mail         ||     9
       Robe              ||     1
Dodge: Dodged            ||    19
